 Dungeon Crawl Stone Soup version 0.29.0-4-gdea44cf6ec (webtiles) character file.

Game seed: 13641179490834958766

100 qw the Ruffian (level 4, -3/36 HPs)
             Began as a Ghoul Fire Elementalist on Aug 30, 2022.
             Killed from afar by an orc wizard (7 damage)
             ... with a magic dart
             ... on level 3 of the Dungeon.
             The game lasted 00:02:30 (3609 turns).

qw the Ruffian (Ghoul Fire Elementalist)            Turns: 3609, Time: 00:02:30

Health: -3/36      AC:  8    Str: 13    XL:     4   Next: 74%
Magic:  5/5        EV:  5    Int: 10    God:
Gold:   88         SH:  0    Dex:  9    Spells: 5/6 levels left

rFire   . . .      SeeInvis .     - Unarmed
rCold   + . .      Faith    .   (no shield)
rNeg    + + +      Spirit   .   b - +0 chain mail
rPois   inf        Reflect  .   (no helmet)
rElec   .          Harm     .   (no cloak)
rCorr   .          Rampage  .   (no gloves)
Will    .....                   (no boots)
Stlth   ..........              (no amulet)
HPRegen 0.00/turn               (no ring)
MPRegen 0.09/turn               (no ring)

@: inhibited regen
A: claws 1, cold resistance 1, negative energy resistance 3, inhibited
regeneration, torment resistance 2, devour on kill
a: no special abilities


You were on level 3 of the Dungeon.
You visited 1 branch of the dungeon, and saw 3 of its levels.

You collected 88 gold pieces.


Innate Abilities, Weirdness & Mutations

You are immune to poison.
You have sharp fingernails.
Your flesh is cold resistant. (rC+)
You are immune to negative energy. (rN+++)
You do not regenerate when monsters are visible.
You are immune to unholy pain and torment.
You thrive by killing the living.


   Skills:
 - Level 2.0 Fighting
 + Level 0.0 Armour
 - Level 1.7 Dodging
 - Level 2.1 Stealth
 - Level 4.0 Unarmed Combat
 - Level 1.7 Spellcasting
 - Level 0.7 Conjurations
 - Level 2.4 Fire Magic


You had 5 spell levels left.
You knew the following spells:

 Your Spells              Type           Power      Damage    Failure   Level
a - Foxfire               Conj/Fire      16%        2x1d4     99%         1

Your spell library contained the following spells:

 Spells                   Type           Power      Damage    Failure   Level
 Scorch                   Fire           10%        2d5       100%        2
 Conjure Flame            Conj/Fire      4%         6-21      100%        3
 Inner Flame              Hex/Fire       3%         N/A       100%        3
 Flame Wave               Conj/Fire      4%         2d5       100%        4

Inventory:

Armour
 b - a +0 chain mail (worn)
Potions
 c - a potion of flight {unknown}
 d - a potion of heal wounds {unknown}
 e - a potion of berserk rage {unknown}
 f - a potion of mutation {unknown}
 g - 2 potions of cancellation

Dungeon Overview and Level Annotations

Branches:
Dungeon (3/15)

Altars:
Ashenzari
Yredelemnul


Message History

The orc attacks as you move away! The orc hits you with a +0 whip.
Something hits you.
You scratch the orc.
The orc is heavily wounded.
Something hits you but does no damage. The orc barely misses you.
3600 ||| Stepping ~*~*~tactically~*~*~ (outnumbered).
The orc attacks as you move away! The orc hits you with a +0 hand axe.
The orc attacks as you move away! The orc hits you but does no damage.
You scratch the orc.
The orc is almost dead.
3602 ||| Stepping ~*~*~tactically~*~*~ (outnumbered).
The orc attacks as you move away! The orc hits you but does no damage.
A kobold comes into view.
It is wielding a +1 short sword of speed.
Found 2 stones.
Found a broken altar of Ashenzari.
The kobold shouts!
You scratch the orc.
You kill the orc!
You feel better.
Your Fighting skill increases to level 2!
You closely miss the orc.
The orc is lightly wounded.
Something hits you but does no damage. The orc hits you with a +0 hand axe.
3605 ||| Stepping ~*~*~tactically~*~*~ (outnumbered).
The kobold attacks as you move away! The kobold hits you but does no damage.
Something hits you but does no damage.
3606 ||| Stepping ~*~*~tactically~*~*~ (outnumbered).
The orc attacks as you move away! The orc completely misses you.
3607 ||| Stepping ~*~*~tactically~*~*~ (outnumbered).
Something hits you but does no damage.
You closely miss the orc.
The orc is lightly wounded.
Something hits you but does no damage. The kobold hits you but does no damage.
The orc hits you with a +0 hand axe.
You claw the orc!
You kill the orc!
The kobold hits you but does no damage.
You hear some strange, mumbled words.
A magic dart appears from out of thin air!
The magic dart hits you!
You die...

.... .. ..........
.###.....# ...#####_###
..# ...###..... ...#
......... ...#
....##.######..#
#..#.K@.......#
#..#.{).####..#
#.............#####
#..............#..###
..(....#)#..####.........
.##.##.#..............##
.. #.###..####.#....# .#
#. #..# #......# .. ...#
###.#..#


You could see a kobold.

Vanquished Creatures
  Terence (D:2)
  2 adders (D:2)
  2 dart slugs (D:1)
  3 orcs (D:3)
  6 bats
  4 endoplasms
  9 giant cockroaches
  3 goblins
  3 hobgoblins
  3 quokkas
  6 ball pythons
  3 frilled lizards
  4 kobolds
  4 rats
53 creatures vanquished.

Notes
Turn   | Place    | Note
-------+----------+-------------------------------------------
     0 | D:1      | qw the Ghoul Fire Elementalist began the quest for the Orb.
     0 | D:1      | Reached XP level 1. HP: 14/14 MP: 2/2
     0 | D:1      | 0 ||| qw: Version: 0.1-a-90-g952f4b7
     0 | D:1      | 0 ||| qw: Game counter: 4276
     0 | D:1      | 0 ||| qw: Always use a shield: true
     0 | D:1      | 0 ||| qw: God list: Okawaru
     0 | D:1      | 0 ||| qw: Allow faded altars: false
     0 | D:1      | 0 ||| qw: Do Orc after D:15 true
     0 | D:1      | 0 ||| qw: Do second Lair branch before Depths: true
     0 | D:1      | 0 ||| qw: Lair rune preference: random
     0 | D:1      | 0 ||| qw: Plans: Normal
     0 | D:1      | 0 ||| PLANNING D:1-11
   189 | D:1      | Reached skill level 1 in Unarmed Combat
   389 | D:1      | Reached skill level 1 in Fighting
   389 | D:1      | Reached XP level 2. HP: 17/23 MP: 3/3
   469 | D:1      | 469 ||| Stepping ~*~*~tactically~*~*~ (stealth).
   471 | D:1      | 471 ||| Stepping ~*~*~tactically~*~*~ (stealth).
   472 | D:1      | 472 ||| Stepping ~*~*~tactically~*~*~ (stealth).
   480 | D:1      | 480 ||| Stepping ~*~*~tactically~*~*~ (stealth).
   509 | D:1      | 509 ||| Stepping ~*~*~tactically~*~*~ (stealth).
   521 | D:1      | 521 ||| Stepping ~*~*~tactically~*~*~ (stealth).
   541 | D:1      | 541 ||| Stepping ~*~*~tactically~*~*~ (stealth).
   703 | D:1      | 703 ||| Stepping ~*~*~tactically~*~*~ (outnumbered).
   705 | D:1      | 705 ||| Stepping ~*~*~tactically~*~*~ (outnumbered).
   706 | D:1      | 706 ||| Stepping ~*~*~tactically~*~*~ (outnumbered).
   707 | D:1      | 707 ||| Stepping ~*~*~tactically~*~*~ (outnumbered).
   842 | D:1      | Reached skill level 2 in Unarmed Combat
  1015 | D:1      | 1015 ||| Stepping ~*~*~tactically~*~*~ (hiding).
  1125 | D:1      | 1125 ||| Stepping ~*~*~tactically~*~*~ (hiding).
  1227 | D:1      | 1227 ||| Stepping ~*~*~tactically~*~*~ (hiding).
  1329 | D:1      | 1329 ||| Stepping ~*~*~tactically~*~*~ (hiding).
  1431 | D:1      | 1431 ||| Stepping ~*~*~tactically~*~*~ (hiding).
  1533 | D:1      | 1533 ||| Stepping ~*~*~tactically~*~*~ (hiding).
  1635 | D:1      | 1635 ||| Stepping ~*~*~tactically~*~*~ (hiding).
  1737 | D:1      | 1737 ||| Stepping ~*~*~tactically~*~*~ (hiding).
  1839 | D:1      | 1839 ||| Stepping ~*~*~tactically~*~*~ (hiding).
  1941 | D:1      | 1941 ||| Stepping ~*~*~tactically~*~*~ (hiding).
  2043 | D:1      | 2043 ||| Stepping ~*~*~tactically~*~*~ (hiding).
  2145 | D:1      | 2145 ||| Stepping ~*~*~tactically~*~*~ (hiding).
  2146 | D:1      | 2146 ||| Stepping ~*~*~tactically~*~*~ (hiding).
  2149 | D:1      | 2149 ||| Stepping ~*~*~tactically~*~*~ (hiding).
  2152 | D:1      | 2152 ||| Stepping ~*~*~tactically~*~*~ (hiding).
  2164 | D:1      | Reached XP level 3. HP: 19/28 MP: 4/4
  2268 | D:1      | 2268 ||| Stepping ~*~*~tactically~*~*~ (stealth).
  2519 | D:1      | 2519 ||| UPGRADING to +0 scale mail.
  2529 | D:1      | 2529 ||| DROPPING +0 robe.
  2530 | D:1      | 2530 ||| READING scroll labelled RUNOBR FIOBISO.
  2531 | D:1      | 2531 ||| DROPPING potion of magic.
  2540 | D:2      | 2540 ||| STAIRDANCE
  2564 | D:2      | Reached skill level 3 in Unarmed Combat
  2592 | D:2      | Noticed Terence
  2615 | D:2      | Killed Terence
  2616 | D:2      | Reached XP level 4. HP: 17/35 MP: 5/5
  2795 | D:2      | 2795 ||| Stepping ~*~*~tactically~*~*~ (stealth).
  2841 | D:2      | 2841 ||| Stepping ~*~*~tactically~*~*~ (stealth).
  2854 | D:2      | Reached skill level 4 in Unarmed Combat
  2859 | D:2      | 2859 ||| FLEEEEING.
  2864 | D:2      | 2864 ||| STAIRDANCE
  2899 | D:1      | 2899 ||| UPGRADING to +0 chain mail.
  2909 | D:1      | 2909 ||| DROPPING +0 scale mail.
  2910 | D:1      | 2910 ||| DROPPING +6 ring of intelligence.
  2925 | D:2      | 2925 ||| Stepping ~*~*~tactically~*~*~ (stealth).
  2926 | D:2      | 2926 ||| Stepping ~*~*~tactically~*~*~ (stealth).
  3043 | D:2      | 3043 ||| Stepping ~*~*~tactically~*~*~ (stealth).
  3044 | D:2      | 3044 ||| Stepping ~*~*~tactically~*~*~ (stealth).
  3070 | D:2      | Found a basalt altar of Yredelemnul.
  3112 | D:2      | Found a faded altar of an unknown god.
  3426 | D:2      | 3426 ||| READING scroll labelled WIEWYSMYRPHE.
  3427 | D:2      | 3427 ||| READING scroll labelled BAOFEI LAMN.
  3428 | D:2      | 3428 ||| READING scroll labelled BAL ETEMAVO.
  3429 | D:2      | 3429 ||| DRINKING 3 clear potions.
  3479 | D:3      | 3479 ||| Stepping ~*~*~tactically~*~*~ (stealth).
  3490 | D:3      | 3490 ||| Stepping ~*~*~tactically~*~*~ (stealth).
  3571 | D:3      | 3571 ||| READING scroll labelled TEKHOPPUROM.
  3594 | D:3      | 3594 ||| Stepping ~*~*~tactically~*~*~ (outnumbered).
  3596 | D:3      | 3596 ||| Stepping ~*~*~tactically~*~*~ (outnumbered).
  3598 | D:3      | 3598 ||| Stepping ~*~*~tactically~*~*~ (outnumbered).
  3600 | D:3      | 3600 ||| Stepping ~*~*~tactically~*~*~ (outnumbered).
  3600 | D:3      | HP: 8/36 [orc/+0 hand axe (4)]
  3602 | D:3      | 3602 ||| Stepping ~*~*~tactically~*~*~ (outnumbered).
  3602 | D:3      | Found a broken altar of Ashenzari.
  3605 | D:3      | 3605 ||| Stepping ~*~*~tactically~*~*~ (outnumbered).
  3606 | D:3      | 3606 ||| Stepping ~*~*~tactically~*~*~ (outnumbered).
  3607 | D:3      | 3607 ||| Stepping ~*~*~tactically~*~*~ (outnumbered).
  3608 | D:3      | HP: 4/36 [orc/+0 hand axe (4)]
  3609 | D:3      | Killed from afar by an orc wizard

Levels and vault maps discovered:
D:1:      eino_arrival_water_star, layout_basic
D:2:      layout_basic, hellmonk_ecumenical_altar_arch_garden, basic_altar,
          uniq_terence
D:3:      layout_basic, cheibrodos_ashenzari_chains, serial_co_window_serial,
          co_window_paths_a, co_window_corner_a, co_window_cross_1,
          co_window_paths_a, co_window_of_opportunity_a,
          co_window_of_opportunity_c, co_window_paths_c,
          co_window_unsneaky_path_a, co_window_paths_d, glass_columns_a,
          glass_columns_a, glass_columns_a, glass_columns_b,
          kennysheep_generic_room_13

Skill      XL: |  1  2  3  4 |
---------------+-------------+-----
Unarmed Combat | 1 2 3 4 |  4.0
Fighting       | 1 2 |  2.0
Dodging        | |  1.7
Stealth        | |  2.1
Spellcasting   | |  1.7
Conjurations   | |  0.7
Fire Magic     | |  2.4

Action                   |  1- 3 |  4- 6 || total
-------------------------+-------+-------++-------
Melee: Unarmed           |   143 |    77 ||   220
       Punch             |     3 |     2 ||     5
  Use: Scroll            |     1 |     4 ||     5
       Potion            |       |     1 ||     1
Armor: Robe              |    14 |       ||    14
       Scale mail        |     8 |     5 ||    13
       Chain mail        |       |    28 ||    28
Dodge: Dodged            |    72 |    22 ||    94

Table legend:
 A = Non-vault XP
 B = Vault XP
 C = Vault XP percentage of total XP
 D = Non-vault monster count
 E = Vault monster count
 F = Vault count percentage of total count
                 A         B        C        D         E       F
            +---------+---------+-------+---------+---------+-------
      Total |     115 |      32 |  21.8 |      52 |       1 |   1.9
            +---------+---------+-------+---------+---------+-------
        D:1 |      51 |       0 |   0.0 |      29 |       0 |   0.0
        D:2 |      51 |      32 |  38.6 |      18 |       1 |   5.3
        D:3 |      13 |       0 |   0.0 |       5 |       0 |   0.0
            +---------+---------+-------+---------+---------+-------
